 Dungeon Crawl Stone Soup version 0.30-a0-778-g2ef04afb54 (webtiles) character file.

Game seed: 15610619690892521418

138 funkygono the Firebug (level 5, 0/28 HPs)
             Began as a Gargoyle Fire Elementalist on Feb 15, 2023.
             Slain by a gnoll
             ... wielding a +0 halberd
              (13 damage)
             ... on level 3 of the Dungeon.
             The game lasted 00:04:48 (3327 turns).

funkygono the Firebug (Gargoyle Fire Elementalist)  Turns: 3327, Time: 00:04:48

Health: 0/28       AC:  7    Str: 11    XL:     5   Next: 21%
Magic:  1/9        EV: 12    Int: 18    God:
Gold:   126        SH:  0    Dex: 10    Spells: 2/10 levels left

rFire   . . .      SeeInvis .    v - +0 whip
rCold   . . .      Faith    .    (no shield)
rNeg    + . .      Spirit   .    a - +0 robe
rPois   ∞          Reflect  .    p - +0 helmet
rElec   +          Harm     .    (no cloak)
rCorr   .          Rampage  .    (no gloves)
Will    .....                    (no boots)
Stlth   ++                       (no amulet)
HPRegen 0.24/turn                (no ring)
MPRegen 0.11/turn                (no ring)

@: no status effects
A: sickness immunity, AC +4, negative energy resistance 1, electricity
resistance, torment resistance 1, petrification resistance
a: no special abilities


You were on level 3 of the Dungeon.
You visited 1 branch of the dungeon, and saw 3 of its levels.

You collected 126 gold pieces.

Inventory:

Hand Weapons
 j - a +0 flail
 v - a +0 whip (weapon)
Armour
 a - a +0 robe (worn)
 p - a +0 helmet (worn)
Jewellery
 s - a ring of ice
 x - an amulet of faith
 z - a +4 ring of slaying
Scrolls
 e - a scroll of poison {unknown}
 g - 4 scrolls of identify {unknown}
 i - a scroll of brand weapon {unknown}
 m - a scroll of noise {unknown}
 n - 2 scrolls of fog {unknown}
 r - a scroll of vulnerability {unknown}
 u - a scroll of immolation {unknown}
 w - a scroll of torment {unknown}
 y - a scroll of fear {unknown}
 A - a scroll of magic mapping {unknown}
Potions
 b - 2 potions of magic
 c - 2 potions of attraction {unknown}
 d - a potion of lignification {unknown}
 f - a potion of cancellation {unknown}
 h - 2 potions of brilliance {unknown}
 k - 2 potions of mutation {unknown}
 l - a potion of heal wounds {unknown}
 o - 4 potions of degeneration {unknown}
 q - a potion of invisibility {unknown}
 t - a potion of might {unknown}


   Skills:
 + Level 0.8 Fighting
 + Level 0.4 Maces & Flails
 + Level 1.8 Dodging
 - Level 2.1 Stealth
 + Level 3.0 Spellcasting
 + Level 2.4 Conjurations
 + Level 4.2 Fire Magic


You had 2 spell levels left.
You knew the following spells:

 Your Spells              Type           Power      Damage    Failure   Level
a - Foxfire               Conj/Fire      56%        2x1d6     4%          1
b - Kindle Blastsparks    Fire/Tloc/Air  14%        2d11      28%         3
c - Flame Wave            Conj/Fire      14%        2d6       38%         4

Your spell library contained the following spells:

 Spells                   Type           Power      Damage    Failure   Level
 Scorch                   Fire           34%        2d7       4%          2
 Inner Flame              Hex/Fire       10%        N/A       21%         3
 Passage of Golubria      Tloc           2%         N/A       85%         4
 Silence                  Hex/Air        1%         N/A       99%         5
 Lehudib's Crystal Spear  Conj/Erth      3%         10d3      100%        8


Dungeon Overview and Level Annotations

Branches:
Dungeon (3/15)

Altars:
Hepliaklqana

Shops:
D:1 *


Innate Abilities, Weirdness & Mutations

You are immune to sickness and miasma.
Your stone body is resilient. (AC +4)
You are immune to poison.
You resist negative energy. (rN+)
You are resistant to electric shocks. (rElec)
You are resistant to unholy torment.
You are immune to petrification.


Message History

Casting: Foxfire (safe; 4% risk of failure)
Confirm with . or Enter, or press ? or * to list all spells.
You conjure some foxfire!
The orc hits you with a +0 hand axe.
The foxfire hits the orc.
The orc is severely wounded.
The foxfire hits the orc.
You kill the orc!
The gnoll closely misses you.
Casting: Foxfire (safe; 4% risk of failure)
Confirm with . or Enter, or press ? or * to list all spells.
You conjure some foxfire!
The gnoll barely misses you.
Casting: Foxfire (safe; 4% risk of failure)
Confirm with . or Enter, or press ? or * to list all spells.
You conjure some foxfire!
The gnoll hits you from afar with a +0 halberd.
Unknown command.
The foxfire hits the gnoll.
The gnoll is lightly wounded.
The foxfire hits the gnoll.
The gnoll is moderately wounded.
The foxfire hits the gnoll.
The gnoll is heavily wounded.
The gnoll hits you from afar with a +0 halberd.
Unknown command.
The foxfire hits the gnoll but does no damage.
The gnoll is heavily wounded.
You see here 8 stones.
The gnoll barely misses you.
Casting: Foxfire (safe; 4% risk of failure)
Confirm with . or Enter, or press ? or * to list all spells.
You conjure some foxfire!
The gnoll hits you from afar with a +0 halberd.
Casting: Foxfire (safe; 4% risk of failure)
Confirm with . or Enter, or press ? or * to list all spells.
You conjure some foxfire!
The foxfire hits the gnoll.
The gnoll is heavily wounded.
The foxfire hits the gnoll.
The gnoll is almost dead.
The gnoll hits you from afar with a +0 halberd!
You die...

####).........# #########
...<.<........#### #........
.###.####........# #####.#######
.###.####.###.##.####.....#######
..........# #.##.................
.###.########...#####.##########.
.# #.# #.....### #.##.....# #.
.###.######.....v.###.#...##.# #.
.##.............@.go......##.# #.
.##..#####.....v..#.###...##.# #.
###..####.......###.# ######.# #.
# #.............# #o# #.# #. #
#.#####.....### #.# #.###. # #.#
##...## #.# #..... # #.#######.##
#.# #..... # #.......).# #.#
##.... ###########.# #.# #....


You could see a gnoll (ally target) and an orc.

Vanquished Creatures
  Robin (D:2)
  2 adders (D:3)
  3 gnolls
  2 worms (D:3)
  4 orcs (D:3)
  2 ball pythons
  3 endoplasms
  14 giant cockroaches
  11 goblins
  8 hobgoblins
  3 jackals (D:1)
  3 frilled lizards
  2 kobolds
  4 rats
  A spectral orc (D:3)
63 creatures vanquished.

Vanquished Creatures (others)
  195 foxfires
  A plant (D:2)
196 creatures vanquished.

Grand Total: 259 creatures vanquished

Notes
Turn   | Place    | Note
-------+----------+-------------------------------------------
     0 | D:1      | funkygono the Gargoyle Fire Elementalist began the quest
                  | for the Orb.
     0 | D:1      | Reached XP level 1. HP: 10/10 MP: 3/3
   237 | D:1      | Reached XP level 2. HP: 14/15 MP: 0/5
   619 | D:1      | Reached XP level 3. HP: 15/19 MP: 0/6
   623 | D:1      | Learned a level 3 spell: Kindle Blastsparks
   763 | D:1      | Found Moihifuil's General Store.
   942 | D:2      | Found a hazy altar of Hepliaklqana.
  1399 | D:2      | Noticed Robin
  1420 | D:2      | HP: 1/20 [hobgoblin[Robin] (3)]
  1544 | D:2      | Killed Robin
  1545 | D:2      | Reached XP level 4. HP: 19/24 MP: 0/8
  2545 | D:3      | Found a hazy altar of Hepliaklqana.
  2730 | D:3      | Reached skill level 4 in Fire Magic
  3152 | D:3      | Learned a level 4 spell: Flame Wave
  3272 | D:3      | Reached XP level 5. HP: 26/28 MP: 5/9
  3327 | D:3      | Slain by a gnoll

Illustrated notes

Levels and vault maps discovered:
D:1:      minmay_arrival_loop, layout_basic, serial_shops,
          nicolae_shop_hallway_plus, chequers_garden, nrook_mini_backslash
D:2:      minmay_roachtagon, layout_loops_corners, serial_bayou,
          serial_bayou_crossing, serial_bayou_pond_d, serial_bayou_pond_d,
          serial_bayou_ford_a, serial_bayou_lagoon_a, basic_altar,
          kennysheep_small_spiral, uniq_robin
D:3:      layout_loops_ring, nicolae_hepliaklqana_monster_ancestors,
          lemuel_zombie_altar_yredelemnul, grunt_ministairs_4, uniq_terence

Skill      XL: |  1  2  3  4  5 |
---------------+----------------+-----
Conjurations   | 2 |  2.4
Fire Magic     | 4 |  4.2
Spellcasting   | 3 |  3.0
Fighting       | |  0.8
Maces & Flails | |  0.4
Dodging        | |  1.8
Stealth        | |  2.1

Action                     |  1- 3 |  4- 6 || total
---------------------------+-------+-------++-------
  Melee: Club              |     1 |       ||     1
         Punch             |     1 |       ||     1
         Flail             |    28 |     7 ||    35
         Whip              |       |     4 ||     4
   Cast: Foxfire           |    58 |    53 ||   111
 Armour: Robe              |    33 |     4 ||    37
  Dodge: Dodged            |    77 |    13 ||    90

Table legend: (Time is in decaauts)
 A = Elapsed time spent in this place.
 B = Non-inter-level travel time spent in this place.
 C = Inter-level travel time spent in this place.
 D = Time resting spent in this place.
 E = Time spent auto-exploring this place.
 F = Levels seen in this place.
 G = Mean time per level.
                   A        B        C        D        E       F      G
               +--------+--------+--------+--------+--------+-----+--------+
         Total |   3382 |   3291 |     91 |    113 |   2611 |   3 | 1127.3 |
       Dungeon |   3382 |   3291 |     91 |    113 |   2611 |   3 | 1127.3 |
               +--------+--------+--------+--------+--------+-----+--------+

Top non-repeatable levels by time:
     D:2: 1575 daAuts
     D:1: 927 daAuts
     D:3: 879 daAuts
